 Dungeon Crawl Stone Soup version 0.17-a0-1923-gc35365e (webtiles) character file.

114 graki42 the Firebug (level 4, -1/24 HPs)
             Began as a Deep Elf Fire Elementalist on Sept 28, 2015.
             Slain by Grinder (7 damage)
             ... on level 3 of the Dungeon.
             The game lasted 00:11:33 (2604 turns).

graki42 the Firebug (Deep Elf Fire Elementalist)    Turns: 2604, Time: 00:11:34

Health: -1/24      AC:  4    Str:  6    XL:     4   Next: 67%
Magic:  20/26      EV: 13    Int: 20    God:
Gold:   171        SH:  0    Dex: 15    Spells: 3 memorised, 3 levels left

rFire  . . .     SeeInvis .     p - staff of power
rCold  . . .     Clarity  .     a - +0 robe
rNeg   . . .     SustAt   .     (no shield)
rPois  .         Gourm    .     (no helmet)
rElec  .         Spirit   .     f - +0 cloak
rCorr  .         Warding  .     (no gloves)
rMut   .         Stasis   .     l - +0 pair of boots
MR     .....                    (no amulet)
Stlth  ++........               (no ring)
                                (no ring)

@: not resistant to hostile enchantments, unstealthy
A: no striking features
a: no special abilities


You were on level 3 of the Dungeon.
You were hungry.

You visited 1 branch of the dungeon, and saw 4 of its levels.

You collected 171 gold pieces.

Inventory:

Armour
 a - a +0 robe (worn)
 f - a +0 cloak (worn)
 l - a +0 pair of boots (worn)
Magical staves
 p - an uncursed staff of power (weapon)
Scrolls
 e - 3 scrolls of enchant weapon
 h - 2 scrolls of teleportation
 j - a scroll of immolation
 k - a scroll of remove curse {unknown}
 q - a scroll of fog {unknown}
Potions
 d - a potion of degeneration {unknown}
 i - 2 potions of poison {unknown}
 n - a potion of heal wounds
 o - a potion of ambrosia {unknown}
 r - a potion of might {unknown}
Books
 b - a book of Flames

   Spells                             Type                      Level
   a - Flame Tongue                   Conjuration/Fire             1
   b - Throw Flame                    Conjuration/Fire             2
   c - Conjure Flame                  Conjuration/Fire             3
   d - Inner Flame                    Hexes/Fire                   3
   e - Sticky Flame                   Conjuration/Fire             4
   f - Fireball                       Conjuration/Fire             5
Comestibles
 c - 3 bread rations
 g - 4 fruits
 m - 3 meat rations


   Skills:
 + Level 2.9 Dodging
 + Level 2.8 Stealth
 + Level 0.2 Unarmed Combat
 + Level 3.7 Spellcasting
 + Level 2.4 Conjurations
 + Level 4.6 Fire Magic


You had 3 spell levels left.
You knew the following spells:

 Your Spells              Type           Power        Failure   Level  Hunger
a - Flame Tongue          Conj/Fire      ###..        3%          1    None
b - Conjure Flame         Conj/Fire      ###.....     12%         3    ###....
c - Inner Flame           Hex/Fire       ##......     17%         3    ###....


Dungeon Overview and Level Annotations

Branches:
Dungeon (4/15)
 Temple: D:4-7

Altars:
Gozag
Nemelex Xobeh

Annotations:
D:3 Grinder


Message History

Aim: Grinder (severely wounded)
The flame tongue misses Grinder.
Grinder hits you.
You writhe in agony.
Casting: Flame Tongue
Confirm with . or Enter, or press ? or * to list all spells.
Aiming: Flame Tongue
Press: ? - help, Shift-Dir - straight line, f/p - Grinder
Aim: Grinder (severely wounded)
The flame tongue hits Grinder.
Grinder is severely wounded.
Grinder hits you!
You writhe in agony.
* * * LOW HITPOINT WARNING * * *
Casting: Flame Tongue
Confirm with . or Enter, or press ? or * to list all spells.
Aiming: Flame Tongue
Press: ? - help, Shift-Dir - straight line, f/p - Grinder
Aim: Grinder (severely wounded)
The flame tongue hits Grinder.
Grinder is severely wounded.
Grinder hits you!
You die...

#.##.#.## #......
#.###.## #######
#.# ########
######## #.#
#.....# #......####
#.# #.###.#
#.####.#... #.# #.#
#.# #.####.#.##
###.####.###.#####
#........#
.................#
#..###.#.##
.#...###.###.###@#
#..###.#...
#.....##.# #.###5##
#..........
##...###.###.##...#
##.#.###### ##.##
#.....##..##
#.#.#### # #.#
########.##
#......# # #.# #.#
###.##.# # ##'##
#.# #.##.# #
##...## #.#
#.##.### #.....##
###.# #..[....


You could see Grinder.

Vanquished Creatures
  An orc priest (D:3)
  An adder (D:2)
  An ooze (D:1)
  3 worms (D:2)
  3 giant geckos
  3 orcs (D:3)
  2 giant cockroaches
  10 hobgoblins
  A quokka (D:2)
  A ball python (D:1)
  9 bats
  2 giant newts
  8 kobolds
  12 rats
57 creatures vanquished.

Notes
Turn   | Place    | Note
--------------------------------------------------------------
     0 | D:1      | graki42 the Deep Elf Fire Elementalist began the quest for the Orb.
     0 | D:1      | Reached XP level 1. HP: 10/10 MP: 6/6
   199 | D:1      | Reached XP level 2. HP: 15/15 MP: 1/8
   586 | D:2      | Reached skill level 4 in Fire Magic
   586 | D:2      | Reached XP level 3. HP: 19/19 MP: 3/9
   891 | D:2      | Learned a level 3 spell: Conjure Flame
   895 | D:2      | Learned a level 3 spell: Inner Flame
  1535 | D:2      | Found an opulent altar of Gozag.
  1632 | D:3      | Noticed Grinder
  1749 | D:3      | Found a sparkling altar of Nemelex Xobeh.
  1842 | D:3      | Reached XP level 4. HP: 24/24 MP: 11/11
  2315 | D:3      | Paralysed by Grinder for 5 turns
  2604 | D:3      | Slain by Grinder

Vault maps used:
D:1:      lightli_iron_boxes
D:2:      grunt_gozag_breadcrumbs
D:3:      first_bread, nemelex_spade_bored_becter, uniq_grinder
D:4:      cheibriados_altar_wand_db, lightli_temple_of_fire, moated_statue,
          hangedman_decor_growths, serial_bayou_lagoon_b, uniq_robin

Action                   |  1- 3 |  4- 6 || total
-------------------------+-------+-------++-------
Melee: Unarmed           |    14 |       ||    14
 Cast: Flame Tongue      |    90 |    33 ||   123
       Conjure Flame     |     2 |     6 ||     8
       Inner Flame       |       |     1 ||     1
  Use: Scroll            |       |     6 ||     6
  Eat: Chunk             |     1 |     3 ||     4
       Fruit             |       |     1 ||     1
